 Dungeon Crawl Stone Soup version 0.18-a0-1300-g6e8322c (webtiles) character file.

73 graki42 the Cudgeler (level 4, -1/73 HPs)
             Began as an Ogre Berserker on Feb 11, 2016.
             Was a Believer of Trog.
             Slain by a wyvern zombie (13 damage)
             ... on level 3 of the Dungeon.
             The game lasted 00:03:53 (1544 turns).

graki42 the Cudgeler (Ogre Berserker)               Turns: 1544, Time: 00:03:53

Health: -1/73      AC:  3    Str: 28    XL:     4   Next: 27%
Magic:  4/4        EV: 10    Int: 11    God:    Trog [**....]
Gold:   87         SH:  0    Dex:  9    Spells: 0 memorised, 3 levels left

rFire  . . .     SeeInvis .     a - +0 mace
rCold  . . .     Gourm    .     b - +0 animal skin
rNeg   . . .     Faith    .     (no shield)
rPois  .         Spirit   .     (helmet restricted)
rElec  .         Dismiss  .     (no cloak)
rCorr  .         Reflect  .     (gloves unavailable)
SustAt .         Harm     .     (boots unavailable)
MR     .....                    (no amulet)
Stlth  ..........               (no ring)
                                p - +5 ring of intelligence

@: berserking (expiring), very quick, not resistant to hostile enchantments,
extremely unstealthy
A: unfitting armour, tough skin 1
a: Berserk, Trog's Hand, Burn Spellbooks, Renounce Religion


You were on level 3 of the Dungeon.
You worshipped Trog.
Trog was pleased with you.
You were not hungry.

You visited 1 branch of the dungeon, and saw 3 of its levels.

You collected 87 gold pieces.

Inventory:

Hand Weapons
 a - a +0 mace (weapon)
Armour
 b - a +0 animal skin (worn)
Jewellery
 p - a +5 ring of intelligence (left hand)
Scrolls
 d - 2 scrolls of amnesia {unknown}
 e - 2 scrolls of fog {unknown}
 g - a scroll of identify {unknown}
 i - 3 scrolls of blinking {unknown}
Potions
 f - a potion of brilliance {unknown}
 j - 2 potions of invisibility {unknown}
 k - a potion of curing {unknown}
 l - a potion of heal wounds {unknown}
 n - a potion of berserk rage {unknown}
 q - a potion of degeneration {unknown}
Comestibles
 c - 3 bread rations
 m - 4 chunks of flesh


   Skills:
 + Level 4.9 Fighting
 + Level 5.3 Maces & Flails
 + Level 3.2 Dodging
 + Level 0.1 Stealth


You had 3 spell levels left.
You didn't know any spells.

Dungeon Overview and Level Annotations

Branches:
Dungeon (3/15)

Altars:
Elyvilon


Innate Abilities, Weirdness & Mutations

You are too large for most types of armour.
You have tough skin (AC +1).


Message History

You feel yourself moving faster!
You feel mighty!
You feel somewhat more hungry. The wyvern zombie closely misses you.
You hit the wyvern zombie.
The wyvern zombie bites you but does no damage.
You hit the wyvern zombie but do no damage.
The wyvern zombie bites you.
You hit the wyvern zombie. The wyvern zombie bites you.
You sock the wyvern zombie! The wyvern zombie bites you!
You barely miss the wyvern zombie. The wyvern zombie bites you!
The rat bites you.
You sock the wyvern zombie! The wyvern zombie bites you!
The quokka barely misses you.
You hit the wyvern zombie. The rat bites you but does no damage.
The wyvern zombie bites you!
* * * LOW HITPOINT WARNING * * *
The quokka bites you but does no damage.
You barely miss the wyvern zombie. The rat bites you.
* * * LOW HITPOINT WARNING * * *
The wyvern zombie bites you!
You die...

.# ....# . ....#
#...## # #....##.#
##........
#.....8...
#.Zr.8.8..
##.@r8._.8. ##
#.(...8.8.. #..
#.(....8... ..###
#...###...........#
#....
#.......####.####.#
#####
#...##..####..###.#
# #..........#
^.##.# ##
#...^#.###.###.##.#
###. #...##.
#..##.##.## ...


You could see a wyvern zombie, a quokka and a rat.

Vanquished Creatures
  2 adders (D:2)
  A shadow imp (D:2)
  3 worms
  4 orcs (D:3)
  4 giant cockroaches
  3 goblins
  4 hobgoblins (D:1)
  2 bats
  4 kobolds
  9 rats
36 creatures vanquished.

Notes
Turn   | Place    | Note
--------------------------------------------------------------
     0 | D:1      | graki42 the Ogre Berserker began the quest for the Orb.
     0 | D:1      | Reached XP level 1. HP: 24/24 MP: 1/1
   354 | D:1      | Reached XP level 2. HP: 30/32 MP: 2/2
  1030 | D:2      | Reached XP level 3. HP: 28/40 MP: 3/3
  1168 | D:2      | Reached skill level 5 in Maces & Flails
  1220 | D:2      | Found a white marble altar of Elyvilon.
  1267 | D:2      | Reached ** piety under Trog
  1400 | D:3      | Reached XP level 4. HP: 44/49 MP: 4/4
  1527 | D:3      | Found a faded altar to an unknown god.
  1544 | D:3      | Slain by a wyvern zombie

Vault maps used:
D:1:      dpeg_arrival_erosion, minmay_fountain_box
D:2:      overflow_temple_1_default
D:3:      marbit_many_paths, ecumenical_altar_2,
          grunt_dithmenos_smoke_and_mirrors

Action                   |  1- 3 |  4- 6 || total
-------------------------+-------+-------++-------
Melee: Mace              |    84 |    26 ||   110
Throw: Throwing net      |     1 |     1 ||     2
       Tomahawk          |       |     3 ||     3
Invok: Berserk           |     2 |     2 ||     4
 Stab: Sleeping          |     2 |       ||     2
  Eat: Meat ration       |     1 |       ||     1
       Chunk             |     1 |       ||     1
